[Event "Team 45 45 League T44"]
[Site "Internet Chess Club"]
[Date "2010.04.03"]
[Round "9"]
[White "SuperPeon"]
[Black "pebble767"]
[Result "1-0"]
[WhiteElo "2087"]
[BlackElo "2061"]
[Opening "Bishop's opening: Berlin defense"]
[ECO "C24"]
[Time "20:09:27"]
[TimeControl "2700+45"]

1. e4 e5 2. Bc4 Nf6 3. d3 Nc6 4. Nc3 Na5 5. Bb3 Be7 6. f4 exf4 7. Bxf4 d6 8. Nf3
O-O 9. O-O Be6 10. Nd4 Bg4 11. Qe1 Nxb3 12. axb3 Re8 13. Be3 Qd7 14. h3 Bh5 15.
Nf5 Bf8 16. Qh4 Bg6 17. Bd4 Re6 18. Nxg7 Bxg7 19. Bxf6 c6 20. Bxg7 Kxg7 21. Ne2
Qe7 22. Qxe7 Rxe7 23. Nd4 a6 24. Nf5+ Bxf5 25. Rxf5 Re5 26. Raf1 Rxf5 27. Rxf5
Re8 28. Kf2 Kg6 29. Kf3 h5 30. h4 f6 31. c4 b5 32. Ke3 Re5 33. Rxe5 fxe5 34. d4
Kf6 35. d5 c5 36. Kf3 Kg6 37. g4 Kh6 38. gxh5 Kxh5 39. Kg3 Kh6 40. Kg4 Kg6 41.
h5+ Kh6 42. Kh4 Kh7 43. Kg5 b4 44. h6 Kh8 45. Kg6 {Black resigns} 1-0

[Event "Team 45 45 League T44"]
[Site "Internet Chess Club"]
[Date "2010.04.02"]
[Round "9"]
[White "Tjet"]
[Black "crazyhorses"]
[Result "1/2-1/2"]
[WhiteElo "1538"]
[BlackElo "1541"]
[Opening "English opening"]
[ECO "A13"]
[Time "16:02:07"]
[TimeControl "2700+45"]

1. c4 e6 2. g3 Nf6 3. Bg2 d5 4. cxd5 exd5 5. Nf3 Bd6 6. O-O O-O 7. d4 c6 8. Bg5
Nbd7 9. Nc3 h6 10. Bxf6 Qxf6 11. e3 Re8 12. a3 a5 13. Rc1 a4 14. Nxa4 b5 15. Nc3
b4 16. axb4 Bxb4 17. Ra1 Ba6 18. Re1 Bc4 19. Qc2 Nb6 20. Nd2 Bxc3 21. bxc3 Bb5
22. Reb1 Nc4 23. Nxc4 Bxc4 24. Bf1 Bxf1 25. Kxf1 Qf3 26. Kg1 h5 27. Qd1 Qf5 28.
h4 g6 29. Rxa8 Rxa8 30. Rb2 Ra3 31. Qc1 Kg7 32. Rc2 Qd3 33. Qxa3 Qd1+ 34. Kg2
Qxc2 35. Qc5 Qe4+ 36. Kf1 Qd3+ 37. Kg1 Qb1+ 38. Kg2 Qe4+ 39. Kf1 Qd3+ 40. Ke1
Qb1+ 41. Ke2 Qc2+ 42. Kf3 Qe4+ 43. Ke2 Qc2+ 44. Kf1 Qd3+ 45. Kg1 Qb1+ 46. Kg2
Qe4+ {Game drawn by repetition} 1/2-1/2

[Event "Team 45 45 League T44"]
[Site "Internet Chess Club"]
[Date "2010.04.03"]
[Round "9"]
[White "g8wrb"]
[Black "BishopMike"]
[Result "0-1"]
[WhiteElo "1556"]
[BlackElo "1572"]
[Opening "Grünfeld: 5.Bg5"]
[ECO "D91"]
[Time "15:31:19"]
[TimeControl "2700+45"]

1. d4 Nf6 2. c4 g6 3. Nc3 Bg7 4. Nf3 d5 5. Bg5 c6 6. e3 Nbd7 7. Bd3 O-O 8. O-O
Re8 9. Qb3 e6 10. Ne5 Qc7 11. Bf4 Nxe5 12. Bxe5 Qd7 13. a4 b6 14. a5 Ba6 15.
axb6 axb6 16. Qxb6 Bxc4 17. Bxc4 dxc4 18. Qc5 Qb7 19. Qxc4 Qxb2 20. Rxa8 Rxa8
21. Qxc6 Rf8 22. Bxf6 Bxf6 23. Ne4 Bg7 24. Ng5 h6 25. Nf3 Qa2 26. Rc1 Ra8 27. h3
Bf8 28. Ne5 Qa3 29. Qc7 Ra7 30. Qc3 Qd6 31. Qc6 Qa3 32. Rb1 Qa2 33. Qb6 Ra6 34.
Qb8 Ra8 35. Qb3 Qa5 36. Qd3 Bg7 37. Qb5 Qd2 38. Qb7 Rf8 39. Nd7 Rd8 40. Qc7 Ra8
41. Nb8 Ra2 42. Qg3 Qc2 43. Rf1 Qc8 44. Qd6 Bf8 45. Qb6 Rc2 46. Na6 Rc6 47. Qb8
Qxa6 48. Qf4 Qc8 49. Rd1 Rc1 50. Qf3 Bd6 51. g3 Qc2 52. Qa8+ Kg7 53. Rxc1 Qxc1+
54. Kg2 h5 55. Qf3 Qc4 56. h4 Qd5 57. Qxd5 exd5 58. Kh3 Kf6 59. Kg2 Kf5 60. Kf3
f6 61. Ke2 Kg4 62. Kf1 Kf3 63. Kg1 Bb4 64. Kf1 Bc3 65. Kg1 Be1 66. Kh2 Bxf2 67.
Kh3 Bxe3 68. Kh2 Bxd4 69. Kh3 Be3 70. Kh2 d4 71. Kh3 d3 72. g4 hxg4+ 73. Kh2 d2
74. h5 d1=Q 75. hxg6 Qg1# {White checkmated} 0-1

[Event "Team 45 45 League T44"]
[Site "Internet Chess Club"]
[Date "2010.04.05"]
[Round "9"]
[White "Visin"]
[Black "IanT"]
[Result "1-0"]
[WhiteElo "1318"]
[BlackElo "1364"]
[Opening "Giuoco Piano"]
[ECO "C54"]
[Time "22:00:53"]
[TimeControl "2700+45"]

1. e4 e5 2. Nf3 Nc6 3. Bc4 Bc5 4. c3 Nf6 5. d3 d5 6. exd5 Nxd5 7. O-O Bg4 8.
Bxd5 Qxd5 9. c4 Qd6 10. Nc3 Nd4 11. Ne4 Qc6 12. Nxd4 Qxe4 13. Qa4+ Bd7 14. Qxd7+
Kxd7 15. dxe4 Bxd4 16. Rd1 Rad8 17. Be3 Kc6 18. Bxd4 Rxd4 19. Rxd4 exd4 20. Rd1
Rd8 21. b4 Kb6 22. Kf1 a5 23. Rb1 a4 24. Ke2 Kc6 25. Kd3 b6 26. f4 Kb7 27. g4
Ka6 28. h4 b5 29. e5 bxc4+ 30. Kxc4 Kb6 31. Rd1 Kc6 32. Rxd4 Rxd4+ 33. Kxd4 Kb5
34. a3 c6 35. f5 Kb6 36. e6 fxe6 37. fxe6 Kc7 38. e7 Kd7 39. Kc5 Kxe7 40. Kxc6
Ke6 41. b5 Ke5 42. b6 Kf4 43. b7 Kxg4 44. b8=Q Kxh4 45. Qc7 g5 46. Qxh7+ Kg3 47.
Qb1 g4 48. Kb5 Kh3 49. Kxa4 Kh2 50. Kb4 g3 51. a4 g2 52. a5 g1=Q 53. Qxg1+ Kxg1
54. a6 Kf2 55. a7 Ke3 56. a8=Q Kd4 57. Qd8+ Ke5 58. Kc4 Ke4 59. Qe8+ Kf3 60. Kd4
Kf2 61. Kd3 Kf1 62. Kd2 Kf2 63. Qf8+ Kg3 64. Ke3 Kg4 65. Qf4+ Kh5 66. Qg3 Kh6
67. Kf4 Kh7 68. Kf5 Kh8 69. Kf6 Kh7 70. Qg7# {Black checkmated} 1-0

[Event "Team 45 45 League T44"]
[Site "Internet Chess Club"]
[Date "2010.04.03"]
[Round "9"]
[White "GadsHill"]
[Black "SATELLITE-DAN"]
[Result "1-0"]
[WhiteElo "1570"]
[BlackElo "1463"]
[Opening "QGD: Albin counter-gambit, 5.g3"]
[ECO "D09"]
[Time "16:00:34"]
[TimeControl "2700+45"]

1. d4 d5 2. c4 e5 3. dxe5 d4 4. Nf3 Nc6 5. g3 Bg4 6. Bg2 Qd7 7. O-O O-O-O 8. Qb3
h5 9. h4 Bh3 10. e6 Bxe6 11. Ne5 Qe8 12. Nxc6 bxc6 13. Qa4 Kb8 14. Bxc6 {Black
resigns} 1-0

[Event "Team 45 45 League T44"]
[Site "Internet Chess Club"]
[Date "2010.04.05"]
[Round "9"]
[White "alaskauk"]
[Black "wrimle"]
[Result "1/2-1/2"]
[WhiteElo "1527"]
[BlackElo "1581"]
[Opening "Alekhine's defense"]
[ECO "B03"]
[Time "10:00:59"]
[TimeControl "2700+45"]

1. e4 Nf6 2. e5 Nd5 3. d4 d6 4. exd6 exd6 5. Bc4 Qe7+ 6. Qe2 Qxe2+ 7. Nxe2 Nb6
8. Bb3 Be6 9. Nd2 Bxb3 10. axb3 Nc6 11. c3 Be7 12. Nf3 O-O 13. Bd2 Rfe8 14.
O-O-O a5 15. Kc2 a4 16. Ra1 axb3+ 17. Kxb3 Na5+ 18. Kc2 d5 19. Ng3 Nac4 20. Rxa8
Rxa8 21. Re1 Bf8 22. Bf4 Ra2 23. Bxc7 Rxb2+ 24. Kd3 Rxf2 25. Re8 Na4 26. Ne2 f6
{Game drawn by mutual agreement} 1/2-1/2

[Event "Team 45 45 League T44"]
[Site "Internet Chess Club"]
[Date "2010.04.03"]
[Round "9"]
[White "sdcohle"]
[Black "otib2006"]
[Result "0-1"]
[WhiteElo "1386"]
[BlackElo "1208"]
[Opening "King's Indian: 6.Be2"]
[ECO "E91"]
[Time "11:00:11"]
[TimeControl "2700+45"]

1. Nf3 Nf6 2. d4 g6 3. c4 Bg7 4. Nc3 O-O 5. e4 d6 6. Be2 Bg4 7. O-O Nbd7 8. h3
Bxf3 9. Bxf3 Nb6 10. b3 c6 11. Re1 d5 12. exd5 cxd5 13. c5 Nc8 14. Bg5 b6 15. b4
a5 16. Qb3 axb4 17. Qxb4 bxc5 18. dxc5 Qa5 19. Qxa5 Rxa5 20. Be3 Nh5 21. Nxd5
Bxa1 22. Rxa1 e6 23. Nc3 Ng7 24. c6 Nf5 25. Bf4 Nd4 26. Be4 f5 27. Bf3 Nxf3+ 28.
gxf3 Ra3 29. Nb5 Rxf3 30. Bg3 f4 31. Kg2 fxg3 32. fxg3 Rf2+ 33. Kg1 Rb2 34. Nd4
Rff2 35. Nxe6 Rg2+ 36. Kf1 Rbf2+ 37. Ke1 Re2+ 38. Kf1 Rgf2+ 39. Kg1 Rf6 40. Nd4
Re4 41. Nb5 Rxc6 42. a4 Nd6 43. g4 Nxb5 44. axb5 Rb6 45. g5 Rxb5 46. Ra8+ Kf7
47. Ra7+ Ke8 48. Ra8+ Kd7 49. Ra7+ Ke6 50. Rxh7 Rxg5+ 51. Kf2 Rf5+ 52. Kg3 Re3+
53. Kg4 Re4+ 54. Kg3 Re3+ 55. Kg4 Rff3 56. Rh6 Rg3+ 57. Kf4 Ref3+ 58. Ke4 Re3+
59. Kf4 Ref3+ 60. Ke4 Kf7 61. Rh4 Rxh3 62. Rf4+ Rxf4+ 63. Kxf4 Kf6 64. Kg4 Rh8
65. Kg3 Kf5 66. Kf3 g5 67. Kg3 Rh4 68. Kg2 g4 69. Kg3 Rh8 70. Kg2 Kf4 71. Kf2
g3+ 72. Kg2 Rh2+ 73. Kg1 Ra2 74. Kf1 Kf3 75. Kg1 Ke2 76. Kg2 Kd1+ 77. Kxg3 Ke2
78. Kf4 Ra3 79. Ke4 Ra4+ 80. Kd5 Ke3 81. Kc5 Rh4 82. Kb5 Kd3 83. Kc5 Rc4+ 84.
Kd5 Rd4+ 85. Ke5 Ra4 86. Kd5 Ra5+ 87. Ke6 Kd4 88. Kf6 Ke4 89. Ke6 Ra6+ 90. Kd7
Ke5 91. Kc7 Rh6 92. Kd7 Kd5 93. Kc7 Kc5 94. Kd7 Rg6 95. Ke7 Kc6 96. Kf7 Rh6 97.
Kg7 Rd6 98. Kf7 Kd7 99. Kg7 Ra6 100. Kf7 Re6 101. Kg7 Ke8 102. Kh7 Kd7 103. Kg7
Kd6 104. Kf7 Rh6 105. Kg7 Re6 106. Kf7 Kd7 107. Kg7 Ra6 108. Kf7 Kd8 109. Kg7
Rd6 110. Kf7 Kd7 111. Kg7 Ke7 112. Kh7 Kf7 113. Kh8 Rh6# {White checkmated} 0-1

[Event "Team 45 45 League T44"]
[Site "Internet Chess Club"]
[Date "2010.04.04"]
[Round "9"]
[White "dpmdpm"]
[Black "TroyO"]
[Result "0-1"]
[WhiteElo "1449"]
[BlackElo "1418"]
[Opening "Sicilian: Najdorf, Byrne (English) attack"]
[ECO "B90"]
[Time "11:00:06"]
[TimeControl "2700+45"]

1. e4 c5 2. Nf3 d6 3. d4 cxd4 4. Nxd4 Nf6 5. Nc3 a6 6. Be3 Nbd7 7. Bd3 b5 8. a3
Bb7 9. O-O Nc5 10. f3 e6 11. b4 Nxd3 12. cxd3 Be7 13. Nde2 O-O 14. Ng3 Qc7 15.
Rc1 Qd7 16. Kh1 a5 17. bxa5 Rxa5 18. Qb3 Rfa8 19. Rb1 Rxa3 20. Qxb5 Qxb5 21.
Rxb5 Ba6 22. Bc1 Rxc3 23. Ra5 Rxd3 24. Bb2 Rb3 25. Rf2 Bb7 26. Rxa8+ Bxa8 27.
Rc2 Bb7 28. h3 d5 29. exd5 Nxd5 30. Ne2 Bf6 31. Bxf6 gxf6 32. Nd4 Rb1+ 33. Kh2
Ba6 {White resigns} 0-1